 Dungeon Crawl Stone Soup version 0.30-a0-622-gddc90eaa04 (webtiles) character file.

Game seed: 11606238015850309661

1806 ragingrage the Sneak (level 9, -7/66 HPs)
             Began as a Djinni Delver on Jan 10, 2023.
             Was a Follower of Ashenzari.
             Mangled by a wyvern (9 damage)
             ... on level 7 of the Dungeon.
             The game lasted 00:13:38 (6097 turns).

ragingrage the Sneak (Djinni Delver)                Turns: 6097, Time: 00:13:38

Health: -7/66      AC:  4    Str: 11    XL:     9   Next: 31%
Gold:   662        EV: 12    Int: 17    God:    Ashenzari [*.....] SH:  0 Dex: 14

rFire   + + +      SeeInvis .    a - +2 dagger (freeze)
rCold   . . .      Faith    .    (no shield)
rNeg    . . .      Spirit   .    d - +0 leather armour
rPois   ∞          Reflect  .    (no helmet)
rElec   .          Harm     .    B - scarf {rC+ rF+}
rCorr   .          Rampage  .    i - +0 pair of gloves "Overhang to Understand" {Cun, Melee} (curse)
Will    .....                    (boots unavailable)
Stlth   +                        o - amulet of regeneration
HPRegen 1.11/turn                y - ring of Apeoromancy {rF+, Cun, Fort} (curse)
MPRegen 0.00/turn                (no ring)

@: confused, flying
A: sickness immunity, fire resistance 2, cold vulnerability 1, float, innate
caster, HP casting, extra vitality 1
a: Renounce Religion, Shatter the Chains


You were on level 7 of the Dungeon.
You worshipped Ashenzari.
Ashenzari was aware of your devotion.
You visited 2 branches of the dungeon, and saw 8 of its levels.

You collected 662 gold pieces.

Inventory:

Hand Weapons
 a - a +2 dagger of freezing (weapon)
 b - a +2 whip of venom
 j - a +0 long sword
 k - a +0 short sword
 A - a +0 rapier
 C - a +2 morningstar of holy wrath
Missiles
 l - 5 poisoned darts (quivered)
 w - 3 javelins
Armour
 d - a +0 leather armour (worn)
 i - the cursed +0 pair of gloves "Overhang to Understand" (worn) {Cun, Melee}
   (You found it on level 5 of the Dungeon)

   It has a curse which improves the following skills: Cunning: Dodging and
   Stealth.
   Melee Combat: Short Blades, Long Blades, Axes, Maces & Flails, Polearms,
   Staves and Unarmed Combat.
 B - a scarf of resistance (worn)
Magical Staves
 E - a staff of air
Jewellery
 o - an amulet of regeneration (around neck)
 y - the cursed ring of Apeoromancy (left hand) {rF+, Cun, Fort}
   (You found it on level 4 of the Dungeon)

   [ring of protection from fire]

   rF:        It protects you from fire.
   It has a curse which improves the following skills: Cunning: Dodging and
   Stealth.
   Fortitude: Armour and Shields.
Wands
 g - a wand of digging (3)
 z - a wand of mindburst (5)
Scrolls
 c - a scroll of fog
 e - 3 scrolls of fear
 f - 2 scrolls of immolation
 m - a scroll of vulnerability
 n - 3 scrolls of teleportation
 q - a scroll of blinking
 s - 3 scrolls of identify
 t - a scroll of amnesia
 u - 2 scrolls of enchant armour
 x - 3 scrolls of magic mapping
 D - a scroll of poison
Potions
 h - a potion of flight
 r - 2 potions of haste
 v - a potion of brilliance
 F - a potion of degeneration


   Skills:
 + Level 6.0 Fighting
 + Level 6.0(6.9) Short Blades
 - Level 2.1(3.2) Dodging
 + Level 6.9(8.3) Stealth
 + Level 3.7 Spellcasting


You had 6 spell levels left.
You knew the following spells:

 Your Spells              Type           Power      Damage    Failure   Level
a - Kiss of Death         Conj/Necr      60%        2d10      4%          1
b - Wereblood             Tmut           15%        N/A       7%          2
c - Mephitic Cloud        Conj/Pois/Air  15%        N/A       14%         3
d - Ozocubu's Armour      Ice            15%        N/A       14%         3
Your spell library was empty.

Dungeon Overview and Level Annotations

Branches:
Dungeon (7/15)             Temple (1/1) D:4

Altars:
Ashenzari
Cheibriados
Elyvilon
Fedhas
Hepliaklqana
Makhleb
Nemelex Xobeh
Okawaru
Qazlal
Ru
Trog
Uskayaw
Wu Jian
Yredelemnul
Zin

Annotations:
D:6 2 transporters, OTABOTABOTAB's ghost, novice DECj
D:7 Maggie


Innate Abilities, Weirdness & Mutations

You are immune to sickness and miasma.
You are immune to poison.
Your flesh is very heat resistant. (rF++)
You are vulnerable to cold. (rC-)
You float through the air rather than walking.
You learn spells naturally, not from books.
Your magical power is your life essence.
You have superior vitality. (+4 MHP)


Message History

Maggie says, "Did Master Lance send you?"
Maggie hits you with a +0 scimitar!
You bump into the rock wall.
The wyvern barely misses you. x2
Maggie closely misses you.
Your +2 whip of venom stops dripping with poison.
Your +2 dagger of freezing glows with a cold blue light!
a - a +2 dagger of freezing (weapon)
The wyvern bites you!!
* * * LOW HITPOINT WARNING * * *
You closely miss Maggie.
Maggie is almost dead.
The wyvern barely misses you. Maggie barely misses you.
You hit the wyvern but do no damage.
You break out of your daze.
The wyvern barely misses you.
You bump into the rock wall.
Maggie hits you but does no damage. The wyvern bites you!
* * * LOW HITPOINT WARNING * * *
Okay, then.
You are too confused!
Okay, then.
You bump into the rock wall.
The wyvern completely misses you.
Maggie points at you and mumbles some strange words.
The bolt of fire misses you. The wyvern barely misses you.
Okay, then.
Okay, then.
You hit Maggie but do no damage.
Maggie is almost dead.
Maggie gestures at you while chanting. The bolt of fire hits you. You resist.
* * * LOW HITPOINT WARNING * * *
The wyvern barely misses you.
You closely miss Maggie.
Maggie is almost dead.
Maggie points at you and mumbles some strange words.
The bolt of fire misses you.
You bump into the rock wall.
The wyvern bites you!
* * * LOW HITPOINT WARNING * * *
The wyvern bites you!
You die...

#...:........#.#.# #
#............#.#.. #@##
#............#.#.#
####P...#
#..............#.#
#.$$.§§.#
#............#.#.#
#.##§§♣
####.#.......#...#
#...§♣ #.#.#####.#...#
#.#....#
#.#<....#.#.#l###.######
#.#.###.#.#.#@@...#
#.#..†# ..#.#######
#.#.#.# ###.#
#.###.#####.#
#.#.......#.#
#.#.#.###.# #.#.#.)...#
#.#.#.##### #...#..oh.#


You could see Maggie (very poisoned) and a wyvern.

Vanquished Creatures
  Sigmund (D:4)
  2 water moccasins
  2 ogres (D:6)
  A sky beast (D:7)
  A black bear (D:5)
  A centaur (D:5)
  A phantom (D:6)
  A bullfrog (D:4)
  A necrophage (D:6)
  4 wights (D:6)
  A scorpion (D:6)
  3 howler monkeys
  A hound (D:5)
  4 orc priests
  4 iguanas
  2 orc wizards (D:4)
  3 adders
  An ufetubus (D:5)
  A worm (D:4)
  5 dart slugs
  17 orcs
  8 endoplasms
  8 giant cockroaches
  6 goblins
  8 hobgoblins
  5 jackals
  2 kobolds
  3 quokkas
  7 ball pythons
  7 bats
  A frilled lizard (D:3)
  5 rats
117 creatures vanquished.

Vanquished Creatures (others)
  A demonic plant (D:7)
  8 plants (D:3)
9 creatures vanquished.

Grand Total: 126 creatures vanquished

Notes
Turn   | Place    | Note
-------+----------+-------------------------------------------
     0 | D:5      | ragingrage the Djinni Delver began the quest for the Orb.
     0 | D:5      | Reached XP level 1. HP: 20/20 MP: 0/0
    51 | D:5      | Reached XP level 2. HP: 25/25 MP: 0/0
    74 | D:5      | Found a sparkling altar of Nemelex Xobeh.
    97 | D:5      | Noticed a howler monkey
   118 | D:5      | Killed a howler monkey
   119 | D:5      | Reached XP level 3. HP: 17/30 MP: 0/0
   119 | D:5      | Learned a level 1 spell: Kiss of Death
   121 | D:5      | Noticed a black bear
   199 | D:5      | Noticed a water moccasin
   365 | D:4      | Noticed Sigmund
   436 | D:4      | Noticed a bullfrog
   444 | D:4      | Killed a bullfrog
   445 | D:4      | Reached skill level 5 in Stealth
   445 | D:4      | Reached XP level 4. HP: 35/35 MP: 0/0
   445 | D:4      | Reached XP level 5. HP: 40/40 MP: 0/0
   445 | D:4      | Learned a level 2 spell: Wereblood
  1894 | D:2      | Found a faded altar of an unknown god.
  2840 | D:3      | Reached XP level 6. HP: 46/46 MP: 0/0
  3159 | D:4      | Reached skill level 1 in Spellcasting
  3282 | D:4      | Reached XP level 7. HP: 40/46 MP: 0/0
  3282 | D:4      | Learned a level 3 spell: Mephitic Cloud
  3616 | D:4      | Killed Sigmund
  3769 | D:4      | Found a staircase to the Ecumenical Temple.
  3780 | Temple   | Entered the Ecumenical Temple
  3799 | Temple   | Became a worshipper of Ashenzari the Shackled
  4260 | D:5      | Found a blossoming altar of Fedhas.
  4338 | D:5      | Reached XP level 8. HP: 23/58 MP: 0/0
  5021 | D:5      | Reached skill level 5 in Short Blades
  5080 | D:6      | Noticed a shadow
  5115 | D:6      | Reached skill level 5 in Fighting
  5608 | D:6      | Noticed OTABOTABOTAB's ghost (novice DECj)
  5609 | D:6      | Found a transporter.
  5609 | D:6      | Found a transporter.
  5609 | D:6      | Identified the +6 dire flail of Debt {freeze, rC+ Int+4}
  5609 | D:6      | Noticed a two-headed ogre
  5630 | D:6      | Reached XP level 9. HP: 56/65 MP: 0/0
  5630 | D:6      | Learned a level 3 spell: Ozocubu's Armour
  5826 | D:6      | Reached * piety under Ashenzari
  5826 | D:6      | Identified a scroll of acquirement
  5827 | D:6      | Acquired 453 gold pieces
  6058 | D:7      | Noticed Maggie
  6097 | D:7      | HP: 2/66 [wyvern (7)]
  6097 | D:7      | Mangled by a wyvern

Illustrated notes

Levels and vault maps discovered:
D:1:      giann_wishing_wells, layout_loops_ring
D:2:      layout_basic, shapermc_ecumenical_altar_notcrosses, solitary_fountain
D:3:      layout_basic, serial_forest, infiniplex_forest_3_way,
          infiniplex_forest_clump_small, infiniplex_forest_end_2,
          infiniplex_forest_end_double, infiniplex_forest_clump_medium,
          infiniplex_forest_zigzag_2, infiniplex_forest_clump_small
D:4:      layout_basic, minmay_temple_entry_sparse_star, uniq_sigmund
D:5:      layout_basic, nemelex_spade_bored_becter,
          fedhas_bush_and_centaur_altar, minmay_statues_item
D:6:      lemuel_ice_spiral_2, layout_basic, gammafunk_ghost_smash,
          hangedman_abyss_or_decor_lesser_grid
D:7:      layout_basic, serial_demonic, serial_demonic_b, serial_demonic_c,
          serial_demonic_b, serial_demonic_b, lightli_minifort, uniq_maggie
Temple:   minmay_freezing_vapour_temple

Skill      XL: |  1  2  3  4  5  6  7  8  9 |
---------------+----------------------------+-----
Short Blades   | 2 3 4 5 6 |  6.0
Stealth        | 5 6 |  6.9
Spellcasting   | 1 2 3 |  3.7
Fighting       | 4 5 6 |  6.0
Dodging        | |  2.1

Action                   |  1- 3 |  4- 6 |  7- 9 || total
-------------------------+-------+-------+-------++-------
Melee: Short sword       |    23 |   200 |       ||   223
       Punch             |     1 |     2 |     3 ||     6
       Long sword        |       |    68 |       ||    68
       Whip              |       |     7 |   124 ||   131
       Unarmed           |       |     3 |       ||     3
       Rapier            |       |       |     3 ||     3
       Morningstar       |       |       |    17 ||    17
       Dagger            |       |       |     9 ||     9
Throw: Dart              |       |       |    11 ||    11
 Cast: Kiss of Death     |       |     2 |     1 ||     3
       Mephitic Cloud    |       |       |     6 ||     6
       Ozocubu's Armour  |       |       |     2 ||     2
       Wereblood         |       |       |     1 ||     1
Invok: Curse Item        |       |       |     2 ||     2
Evoke: Wand              |       |       |     5 ||     5
  Use: Potion            |     1 |     5 |       ||     6
       Scroll            |     1 |       |     2 ||     3
 Stab: Sleeping          |     3 |    14 |     3 ||    20
       Distracted        |       |     1 |     1 ||     2
       Confused          |       |       |     4 ||     4
Armor: Leather armour    |     2 |    70 |    35 ||   107
       Skin              |       |     4 |       ||     4
Dodge: Dodged            |    16 |   148 |   104 ||   268

Table legend: (Time is in decaauts)
 A = Elapsed time spent in this place.
 B = Non-inter-level travel time spent in this place.
 C = Inter-level travel time spent in this place.
 D = Time resting spent in this place.
 E = Time spent auto-exploring this place.
 F = Levels seen in this place.
 G = Mean time per level.
                   A        B        C        D        E       F      G
               +--------+--------+--------+--------+--------+-----+--------+
         Total |   6073 |   5374 |    699 |    586 |   3299 |   8 |  759.1 |
       Dungeon |   6048 |   5362 |    686 |    586 |   3289 |   7 |  864.0 |
        Temple |     24 |     11 |     13 |      0 |     10 |   1 |   24.0 |
               +--------+--------+--------+--------+--------+-----+--------+

Top non-repeatable levels by time:
     D:5: 1356 daAuts
     D:4: 1119 daAuts
     D:2: 955 daAuts
     D:3: 929 daAuts
     D:6: 888 daAuts
     D:1: 673 daAuts
     D:7: 126 daAuts
  Temple: 24 daAuts
